 Dungeon Crawl Stone Soup version 0.30-a0-358-g0d69a1922f (webtiles) character file.

Game seed: 1055668011668463081

10937 jlumianski the Cleaver (level 11, -27/85 HPs)
             Began as a Demonspawn Fighter on Nov 9, 2022.
             Was an Initiate of Qazlal.
             Annihilated by an apis (30 damage)
             ... on level 12 of the Dungeon.
             The game lasted 01:03:59 (12407 turns).

jlumianski the Cleaver (Demonspawn Fighter)        Turns: 12407, Time: 01:04:00

Health: -27/85     AC: 19    Str: 27    XL:     11   Next: 42%
Magic:  0/13       EV: 13    Int: 10    God:    Qazlal [......]
Gold:   838        SH: 10    Dex: 14    Spells: 10/10 levels left

rFire   . . .      SeeInvis .    m - +0 broad axe (protect)
rCold   . . .      Faith    .    D - +0 kite shield
rNeg    . . .      Spirit   +    j - +0 chain mail
rPois   +          Reflect  .    L - +1 hat
rElec   .          Harm     .    r - +1 cloak
rCorr   .          Rampage  .    (no gloves)
Will    .....                    C - +2 pair of boots
Stlth   ..........               E - amulet of guardian spirit
HPRegen 0.34/turn                q - +6 ring of strength
MPRegen 0.13/turn                O - +4 ring of slaying

@: mighty, agile
A: antennae 2, slimy green scales 1, powered by death 1, powered by pain 2, thin
skeletal structure 1, poison resistance
a: Renounce Religion


You were on level 12 of the Dungeon.
You worshipped Qazlal.
Qazlal was noncommittal.
You visited 2 branches of the dungeon, and saw 13 of its levels.

You collected 838 gold pieces.

Inventory:

Hand Weapons
 a - a +1 war axe of flaming
 m - a +0 broad axe of protection (weapon)
Missiles
 i - 24 poisoned darts (quivered)
 k - 4 javelins
 p - 4 datura-tipped darts
 x - 3 throwing nets
 y - 2 boomerangs of dispersal
 A - 4 boomerangs
Armour
 j - a +0 chain mail (worn)
 r - a +1 cloak (worn)
 C - a +2 pair of boots (worn)
 D - a +0 kite shield (worn)
 G - a scarf of resistance
 L - a +1 hat (worn)
Jewellery
 q - a +6 ring of strength (left hand)
 u - an amulet of faith
 w - a ring of resist corrosion
 E - an amulet of guardian spirit (around neck)
 N - an amulet of magic regeneration
 O - a +4 ring of slaying (right hand)
Wands
 s - a wand of roots (10)
 B - a wand of mindburst (1)
 M - a wand of polymorph (13)
 P - a wand of charming (3)
Scrolls
 c - 2 scrolls of poison
 e - 3 scrolls of identify
 o - 5 scrolls of teleportation
 F - 2 scrolls of fog
 H - a scroll of fear
 J - a scroll of amnesia
 K - a scroll of immolation
Potions
 b - 2 potions of magic
 d - 2 potions of might
 f - a potion of cancellation
 g - a potion of ambrosia
 h - 3 potions of mutation
 l - 2 potions of haste
 n - 3 potions of attraction
 t - a potion of curing
 v - a potion of resistance
 z - a potion of flight
 I - a potion of degeneration
 Q - 2 potions of heal wounds


   Skills:
 + Level 7.6 Fighting
 + Level 10.7 Axes
 + Level 3.5 Throwing
 + Level 8.0 Armour
 + Level 2.9 Dodging
 + Level 0.6 Stealth
 + Level 6.2 Shields
 * Level 3.1 Invocations
 * Level 3.0 Evocations


You had 10 spell levels left.
You didn't know any spells.
Your spell library contained the following spells:

 Spells                   Type           Power      Damage    Failure   Level
 Apportation              Tloc           0%         N/A       99%         1
 Magic Dart               Conj           0%         1d3       99%         1
 Slow                     Hex            0%         N/A       99%         1
 Searing Ray              Conj           0%         2d4       100%        2
 Confusing Touch          Hex            0%         N/A       100%        3
 Hailstorm                Conj/Ice       0%         3d3       100%        3
 Vampiric Draining        Necr           0%         2d6       100%        3
 Fulminant Prism          Conj/Hex       0%         3d5       100%        4
 Ice Form                 Ice/Tmut       0%         N/A       100%        4
 Alistair's Intoxication  Tmut/Pois      0%         N/A       100%        5
 Simulacrum               Ice/Necr       0%         N/A       100%        6


Dungeon Overview and Level Annotations

Branches:
Dungeon (12/15)            Temple (1/1) D:5            Lair (0/5) D:9
    Orc: D:9-12

Altars:
Ashenzari
Cheibriados
Gozag
Kikubaaqudgha
Qazlal
Ru
Vehumet

Annotations:
D:10 1 runed translucent door


Innate Abilities, Weirdness & Mutations

You have a pair of antennae on your head.
You are partially covered in slimy green scales. (AC +2)
You regenerate a little health from kills.
You sometimes gain power by taking damage.
You have a somewhat thin skeletal structure. (Dex +2, Stealth+)
Your system is resistant to poisons. (rPois)


Message History

You kill the howler monkey!
Qazlal accepts your kill.
Your Evocations skill increases to level 3!
Things that are here:
a howler monkey corpse; a howler monkey corpse
Found a scroll of teleportation.
There is a stone staircase leading down here.
You climb downwards.
The apis gores you! The apis sears you!!
You focus on the pain.
You feel your power returning.
There is a stone staircase leading up, spattered with blood here.
The apis gores you but does no damage.
You hit the apis but do no damage.
Your weapon exudes an aura of protection.
You block the apis's attack.
Press: ? - help, v - describe, . - travel
Here: an apis The floor.
Aiming: Mindburst
Press: ? - help, Shift-Dir - straight line, f - apis
Aim: an apis (chance to affect: 13%)
Okay, then.
The apis closely misses you.
There is a stone staircase leading up, spattered with blood here.
Aiming: Fastroot
Press: ? - help, Shift-Dir - straight line, f - apis
Aim: an apis The roots erupt in riotous growth!
Roots grab the apis.
The grasping roots constrict the apis.
The apis gores you!!
You focus on the pain.
You feel very mighty all of a sudden. The apis sears you!!
* * * LOW HITPOINT WARNING * * *
You focus on the pain.
You feel agile all of a sudden.
The roots release their grip on the apis.
The apis gores you.
* * * LOW HITPOINT WARNING * * *
The apis sears you!!
You die...

..#
#######
#.. ......
.. .... .
# ≈≈≈ #..
###
#...≈##.##
#
#..Z≈#.@.#
#
##..≈##.Y#
# #. ###+
+ { { { {


You could see an apis and a centaur warrior zombie.

Vanquished Creatures
  Gastronok (D:8)
  A two-headed ogre (D:10)
  Maggie (D:7)
  A rime drake (D:9)
  An unseen horror (D:10)
  3 trolls
  A hornet (D:7)
  A polar bear (D:9)
  A wyvern (D:10)
  A water elemental (D:11)
  8 yaks
  3 shadows (D:11)
  A wraith (D:11)
  Eustachio (D:3)
  Grum (D:8)
  A steam dragon (D:7)
  Menkaure (D:3)
  Duvessa (D:6)
  A water moccasin (D:5)
  3 orc warriors
  5 ice beasts
  2 ogres (D:5)
  A sky beast (D:6)
  A black bear (D:7)
  5 wolves
  2 centaurs
  2 phantoms
  4 bullfrogs
  4 gnoll sergeants
  2 scorpions
  Dowan (D:6)
  12 howler monkeys
  A bullfrog zombie (D:5)
  2 jellies
  9 orc priests
  4 hounds
  2 centaur skeletons (D:5)
  Crazy Yiuf (D:4)
  3 gnoll boudas
  4 iguanas
  A scorpion zombie (D:5)
  12 orc wizards
  A howler monkey zombie (D:5)
  36 gnolls
  9 adders
  An ufetubus (D:6)
  3 worms (D:2)
  5 dart slugs
  67 orcs
  11 endoplasms
  3 giant cockroaches
  6 goblins
  8 hobgoblins
  11 kobolds
  8 ball pythons
  7 bats
  6 frilled lizards
  6 rats
301 creatures vanquished.

Notes
Turn   | Place    | Note
-------+----------+-------------------------------------------
     0 | D:1      | jlumianski the Demonspawn Fighter began the quest for the
                  | Orb.
     0 | D:1      | Reached XP level 1. HP: 18/18 MP: 1/1
    48 | D:1      | Gained mutation: You are partially covered in slimy green
                  | scales. (AC +2) [demonic ancestry]
    48 | D:1      | Reached XP level 2. HP: 10/24 MP: 2/2
   228 | D:1      | Reached skill level 2 in Axes
   317 | D:1      | Gained mutation: You regenerate a little health from kills.
                  | [demonic ancestry]
   317 | D:1      | Reached XP level 3. HP: 29/29 MP: 3/3
   904 | D:3      | Found an ancient bone altar of Kikubaaqudgha.
   977 | D:2      | Found a faded altar of an unknown god.
  1106 | D:2      | Gained mutation: You sometimes gain a little power by
                  | taking damage. [demonic ancestry]
  1106 | D:2      | Reached XP level 4. HP: 23/35 MP: 4/4
  1184 | D:2      | You fall into a shaft and drop 2 floors!
  1224 | D:4      | Noticed Eustachio
  1279 | D:3      | Reached skill level 3 in Axes
  1376 | D:3      | Gained mutation: You have a pair of small antennae on your
                  | head. [demonic ancestry]
  1376 | D:3      | Reached XP level 5. HP: 16/41 MP: 5/5
  2051 | D:3      | Reached skill level 1 in Throwing
  2064 | D:4      | Noticed Menkaure
  2939 | D:3      | Reached XP level 6. HP: 48/48 MP: 6/6
  2972 | D:3      | Killed Menkaure
  2973 | D:3      | Reached skill level 4 in Axes
  3118 | D:3      | Gained mutation: You are strong-willed. (Will+) [potion of
                  | mutation]
  3118 | D:3      | Gained mutation: You have large cloven feet. [potion of
                  | mutation]
  3118 | D:3      | Gained mutation: You occasionally lose the ability to read
                  | scrolls when taking damage. [potion of mutation]
  3118 | D:3      | Gained mutation: Your system is resistant to poisons.
                  | (rPois) [potion of mutation]
  3119 | D:3      | Lost mutation: You are strong-willed. (Will+) [potion of
                  | mutation]
  3119 | D:3      | Lost mutation: You have large cloven feet. [potion of
                  | mutation]
  3119 | D:3      | Gained mutation: You have a somewhat thin skeletal
                  | structure. (Dex +2, Stealth+) [potion of mutation]
  3119 | D:3      | Lost mutation: You occasionally lose the ability to read
                  | scrolls when taking damage. [potion of mutation]
  3289 | D:3      | HP: 2/48 [white imp/puff of frost[Eustachio] (15)]
  3292 | D:3      | Killed Eustachio
  3293 | D:3      | Reached XP level 7. HP: 14/54 MP: 7/7
  3550 | D:4      | Found a runed translucent door.
  3551 | D:4      | Noticed Crazy Yiuf
  3877 | D:5      | Entered Level 5 of the Dungeon
  3877 | D:5      | Found a snail-covered altar of Cheibriados.
  4264 | D:4      | Killed Crazy Yiuf
  4265 | D:4      | Reached skill level 5 in Axes
  4364 | D:5      | Reached skill level 1 in Dodging
  4402 | D:5      | Found a staircase to the Ecumenical Temple.
  4456 | D:4      | Reached skill level 1 in Evocations
  4474 | D:4      | Reached skill level 5 in Armour
  4547 | D:5      | Gained mutation: You sometimes gain power by taking damage.
                  | [demonic ancestry]
  4547 | D:5      | Reached XP level 8. HP: 58/61 MP: 8/8
  4759 | D:7      | Noticed Duvessa
  4760 | D:7      | Noticed Dowan
  4772 | D:6      | Reached skill level 6 in Axes
  4857 | D:6      | Killed Duvessa
  4858 | D:6      | Reached skill level 5 in Fighting
  4869 | D:6      | Killed Dowan
  5135 | D:10     | Entered Level 10 of the Dungeon
  5270 | D:9      | Reached skill level 7 in Axes
  5503 | D:8      | Reached XP level 9. HP: 58/68 MP: 7/9
  5589 | D:10     | Noticed a two-headed ogre
  5600 | D:10     | Killed a two-headed ogre
  5667 | D:9      | Noticed a polar bear
  5677 | D:9      | Killed a polar bear
  5846 | D:10     | Reached skill level 8 in Axes
  6366 | D:9      | Reached skill level 5 in Shields
  6457 | D:9      | Noticed a rime drake
  6556 | D:10     | Noticed a troll
  6560 | D:10     | Killed a troll
  6561 | D:10     | Gained mutation: You have a pair of antennae on your head.
                  | [demonic ancestry]
  6561 | D:10     | Reached XP level 10. HP: 67/77 MP: 8/10
  6994 | D:9      | Reached skill level 9 in Axes
  7039 | D:9      | Found a staircase to the Lair.
  7166 | D:9      | Found a sacrificial altar of Ru.
  7258 | D:8      | Noticed Grum
  7745 | D:6      | Found a broken altar of Ashenzari.
  9084 | D:7      | Noticed Maggie
  9097 | D:7      | Killed Maggie
  9516 | D:7      | Reached skill level 10 in Axes
 10038 | D:8      | Killed Grum
 10248 | D:8      | Noticed Gastronok
 10556 | D:8      | Killed Gastronok
 10557 | D:8      | Reached XP level 11. HP: 66/84 MP: 8/11
 11032 | D:10     | Found a runed translucent door.
 11495 | Temple   | Entered the Ecumenical Temple
 11516 | Temple   | Became a worshipper of Qazlal Stormbringer
 11827 | D:12     | Noticed a necromancer
 11827 | D:12     | Noticed a necromancer
 12053 | D:11     | Reached skill level 1 in Invocations
 12402 | D:12     | Noticed an apis
 12406 | D:12     | HP: 4/85 [apis (23)]
 12407 | D:12     | Annihilated by an apis

Illustrated notes

Levels and vault maps discovered:
D:1:      lightli_arrival_boilingwater, layout_rooms, minmay_cupped
D:2:      layout_basic, dreamdust_ecumenical_altar_statues
D:3:      cheibrodos_pilgrimage, layout_loops_corners, jmf_multi_god_temple
D:4:      layout_loops_ring, uniq_menkaure, uniq_eustachio,
          uniq_crazy_yiuf_cottage
D:5:      layout_basic, mainiacjoe_overflow_paths, temple_green, serial_undead,
          serial_undead_f, serial_undead_d, serial_undead_c, serial_undead_e
D:6:      layout_basic, mainiacjoe_overflow_24_doors, serial_glass,
          glass_columns_a, glass_columns_b
D:7:      layout_loops_ring, kennysheep_generic_room_4, uniq_maggie,
          uniq_duvessa
D:8:      layout_loops_ring, uniq_gastronok, uniq_grum
D:9:      layout_small_grid, mainiacjoe_overflow_alcove_4,
          hellmonk_lair_entry_icy, special_room [special_room_orc]
D:10:     layout_basic, minmay_st_funbox, hangedman_decor_clover_reticule
D:11:     wad_woods_structure_01, layout_basic, grunt_ministairs_7
D:12:     dreamdust_under_siege, layout_basic, hiddenorc2_lemuel,
          kennysheep_generic_room_7, uniq_fannar, uniq_erolcha
Temple:   bh_familiar_temple

Skill      XL: |  1  2  3  4  5  6  7  8  9 10 11 |
---------------+----------------------------------+-----
Armour         | 3 4 5 7 8 |  8.0
Axes           | 2 3 4 5 7 8 10 | 10.7
Throwing       | 1 2 3 |  3.5
Fighting       | 4 5 6 7 |  7.6
Shields        | 3 4 5 6 |  6.2
Dodging        | 1 2 |  2.9
Evocations     | 1 2 3 |  3.0
Invocations    | 3 |  3.1
Stealth        | |  0.6

Action                   |  1- 3 |  4- 6 |  7- 9 | 10-12 || total
-------------------------+-------+-------+-------+-------++-------
Melee: War axe           |   112 |   212 |   373 |   190 ||   887
       Broad axe         |       |       |       |   230 ||   230
Throw: Dart              |       |    13 |    12 |    28 ||    53
       Javelin           |       |     4 |       |       ||     4
Evoke: Wand              |       |       |     4 |     8 ||    12
  Use: Potion            |       |     4 |       |     3 ||     7
       Scroll            |       |     3 |     8 |    13 ||    24
Armor: Scale mail        |    28 |       |       |       ||    28
       Chain mail        |    49 |   138 |   234 |   258 ||   679
Dodge: Dodged            |    40 |   100 |   135 |   123 ||   398
Block: Buckler           |    26 |    64 |    55 |       ||   145
       Kite shield       |       |       |   125 |   204 ||   329

Table legend: (Time is in decaauts)
 A = Elapsed time spent in this place.
 B = Non-inter-level travel time spent in this place.
 C = Inter-level travel time spent in this place.
 D = Time resting spent in this place.
 E = Time spent auto-exploring this place.
 F = Levels seen in this place.
 G = Mean time per level.
                   A        B        C        D        E       F      G
               +--------+--------+--------+--------+--------+-----+--------+
         Total |  12769 |  12218 |    551 |   1441 |   5641 |  13 |  982.2 |
       Dungeon |  12731 |  12181 |    550 |   1441 |   5626 |  12 | 1060.9 |
        Temple |     37 |     37 |      0 |      0 |     15 |   1 |   37.0 |
               +--------+--------+--------+--------+--------+-----+--------+

Top non-repeatable levels by time:
     D:3: 1695 daAuts
     D:9: 1690 daAuts
    D:10: 1386 daAuts
     D:4: 1251 daAuts
     D:8: 1181 daAuts
     D:5: 1057 daAuts
     D:7: 1012 daAuts
     D:6: 994 daAuts
     D:2: 835 daAuts
     D:1: 832 daAuts
    D:11: 783 daAuts
  Temple: 37 daAuts
    D:12: 10 daAuts
